 Dungeon Crawl Stone Soup version 0.21.1-1-g345015f (webtiles) character file.

34 tyranidshit the Skirmisher (level 3, 0/30 HPs)
             Began as a Demonspawn Abyssal Knight on June 12, 2018.
             Was a Follower of Lugonu.
             Slain by a hobgoblin
             ... wielding a +0 club
              (2 damage)
             ... on level 1 of the Dungeon.
             The game lasted 00:03:53 (464 turns).

tyranidshit the Skirmisher (DsAK)                    Turns: 464, Time: 00:03:54

Health: 0/30       AC:  7    Str: 13    XL:     3   Next: 14%
Magic:  4/4        EV:  9    Int: 13    God:    Lugonu [*.....]
Gold:   13         SH:  0    Dex: 12    Spells: 2/2 levels left

rFire    . . .     SeeInvis .   g - +0 great sword
rCold    . . .     Gourm    .   (shield currently unavailable)
rNeg     . . .     Faith    .   d - +0 scale mail
rPois    .         Spirit   .   (no helmet)
rElec    .         Reflect  .   (no cloak)
rCorr    .         Harm     .   (no gloves)
MR       .....                  (no boots)
Stlth    ..........             (no amulet)
HPRegen  0.10/turn              (no ring)
MPRegen  0.09/turn              (no ring)

@: no status effects
A: rugged brown scales 1, rot immunity
a: Depart the Abyss, Renounce Religion


You were on level 1 of the Dungeon.
You worshipped Lugonu.
Lugonu was aware of your devotion.
You were not hungry.

You visited 1 branch of the dungeon, and saw 1 of its levels.
You visited the Abyss 1 time.

You collected 13 gold pieces.

Inventory:

Hand Weapons
 a - a +1 hand axe
 g - a +0 great sword (weapon)
Armour
 b - a +1 leather armour
 d - a +0 scale mail (worn)
Scrolls
 e - a scroll of remove curse
Potions
 h - a potion of flight
Comestibles
 c - 2 rations


   Skills:
 * Level 4.0 Fighting
 - Level 1.0 Long Blades
 - Level 1.7 Axes
 - Level 1.7 Armour
 - Level 0.8 Dodging
 - Level 2.4 Invocations


You had 2 spell levels left.
You didn't know any spells.

Dungeon Overview and Level Annotations

Branches:
Dungeon (1/15)

Altars:


Innate Abilities, Weirdness & Mutations

You are partially covered in rugged brown scales. (AC +1, +3% HP)
You are immune to rotting.


Message History

Lugonu accepts your kill.
The jackal bites you but does no damage.
The jackal bites you.
* * * LOW HITPOINT WARNING * * *
The hobgoblin hits you with a club.
* * * LOW HITPOINT WARNING * * *
Your scale mail prevents you from hitting the hobgoblin.
The jackal misses you. The jackal closely misses you.
The hobgoblin hits you but does no damage.
You barely miss the hobgoblin. The jackal barely misses you.
You riposte.
Your scale mail prevents you from hitting the jackal.
The jackal is severely wounded.
The jackal bites you but does no damage.
The hobgoblin hits you with a club.
* * * LOW HITPOINT WARNING * * *
The jackal bites you.
* * * LOW HITPOINT WARNING * * *
Your scale mail prevents you from hitting the hobgoblin.
The hobgoblin hits you with a club.
You die...

......# .....
..... ... ... #.#
. #g# ....####@###
......)..h.#
...#####.#.#######
#.#.......#
#.#######.# #.#
#.# ..# #.# #.#
#.# #.. #.#


You could see a jackal and a hobgoblin.

Vanquished Creatures
  An ooze (D:1)
  A leopard gecko (D:1)
  2 giant cockroaches (D:1)
  3 goblins (D:1)
  5 hobgoblins (D:1)
  2 jackals (D:1)
  5 kobolds (D:1)
  2 bats (D:1)
  2 frilled lizards (D:1)
  4 rats (D:1)
27 creatures vanquished.

Notes
Turn   | Place    | Note
-------+----------+-------------------------------------------
     0 | Abyss:1  | tyranidshit the Demonspawn Abyssal Knight began the quest for the Orb.
     0 | Abyss:1  | Reached XP level 1. HP: 18/18 MP: 2/2
    55 | Abyss:1  | Noticed a spatial vortex
    55 | Abyss:1  | Noticed a spatial vortex
    91 | Abyss:2  | Noticed a small abomination
    97 | Abyss:3  | Found an ornate altar of the Wu Jian Council.
   144 | Abyss:4  | Noticed a tentacled starspawn
   146 | Abyss:4  | Noticed a smoke demon
   174 | Abyss:4  | Noticed a raiju
   178 | D:1      | Escaped the Abyss
   289 | D:1      | Reached * piety under Lugonu
   289 | D:1      | Reached skill level 1 in Long Blades
   289 | D:1      | Gained mutation: You are partially covered in rugged brown scales. (AC +1, +3% HP) [demonic ancestry]
   289 | D:1      | Reached XP level 2. HP: 7/24 MP: 3/3
   447 | D:1      | Gained mutation: You are immune to rotting. [demonic ancestry]
   447 | D:1      | Reached XP level 3. HP: 12/30 MP: 4/4
   452 | D:1      | Reached skill level 4 in Fighting
   464 | D:1      | Slain by a hobgoblin

Skill      XL: |  1  2  3 |
---------------+----------+-----
Long Blades    | 1 |  1.0
Fighting       | 4 |  4.0
Axes           | |  1.7
Armour         | |  1.7
Dodging        | |  0.8
Invocations    | |  2.4

Action                   || total
-------------------------++-------
Melee: Great sword       ||    64
Invok: Depart the Abyss  ||     1
  Use: Scroll            ||     3
       Potion            ||     2
Armor: Leather armour    ||    17
       Scale mail        ||    26
Dodge: Dodged            ||    69
       Rpst.: Great sword ||    27
